 Dungeon Crawl Stone Soup version 0.30-a0-782-ge64f9170bb (webtiles) character file.

Game seed: 14686624444196508608

179 mopl the Covered (level 5, 0/33 HPs)
             Began as a Gargoyle Fighter on Mar 12, 2023.
             Slain by Prince Ribbit (13 damage)
             ... on level 5 of the Dungeon.
             The game lasted 00:02:37 (1845 turns).

mopl the Covered (Gargoyle Fighter)                 Turns: 1845, Time: 00:02:37

Health: 0/33       AC: 11    Str: 19    XL:     5   Next: 59%
Magic:  0/5        EV:  9    Int:  9    God:
Gold:   103        SH:  4    Dex: 11    Spells: 4/4 levels left

rFire   . . .      SeeInvis .    a - +0 flail
rCold   . . .      Faith    .    c - +0 buckler
rNeg    + . .      Spirit   +    b - +0 scale mail
rPois   ∞          Reflect  .    (no helmet)
rElec   +          Harm     .    (no cloak)
rCorr   +          Rampage  .    (no gloves)
Will    .....                    (no boots) Stlth
                                 r - amulet of guardian spirit
HPRegen 0.25/turn                n - ring of resist corrosion
MPRegen 0.09/turn                (no ring)

@: no status effects
A: sickness immunity, AC +4, negative energy resistance 1, electricity
resistance, torment resistance 1, petrification resistance
a: no special abilities


You were on level 5 of the Dungeon.
You visited 1 branch of the dungeon, and saw 4 of its levels.

You collected 103 gold pieces.

Inventory:

Hand Weapons
 a - a +0 flail (weapon)
Missiles
 g - 4 atropa-tipped darts (quivered)
 i - 6 poisoned darts
 j - 3 throwing nets
Armour
 b - a +0 scale mail (worn)
 c - a +0 buckler (worn)
Magical Staves
 k - a staff of death
Jewellery
 n - a ring of resist corrosion (left hand)
 r - an amulet of guardian spirit (around neck)
Scrolls
 e - 8 scrolls of identify {unknown}
 f - a scroll of vulnerability {unknown}
 m - a scroll of blinking {unknown}
 o - a scroll of silence {unknown}
 q - a scroll of immolation {unknown}
 s - a scroll of noise {unknown}
Potions
 d - a potion of might
 h - a potion of flight {unknown}
 l - a potion of curing {unknown}
 p - a potion of degeneration {unknown}


   Skills:
 + Level 4.1 Fighting
 * Level 3.9 Maces & Flails
 + Level 4.1 Armour
 + Level 1.6 Dodging
 - Level 3.2 Shields


You had 4 spell levels left.
You didn't know any spells.
Your spell library contained the following spells:

 Spells                   Type           Power      Damage    Failure   Level
 Call Canine Familiar     Summ           0%         N/A       99%         3
 Dazzling Flash           Conj/Hex       0%         N/A       99%         3
 Portal Projectile        Hex/Tloc       0%         N/A       99%         3
 Vhi's Electric Charge    Tloc/Air       0%         N/A       99%         3
 Leda's Liquefaction      Hex/Erth       0%         N/A       100%        4
 Agony                    Necr           0%         N/A       100%        5
 Arcjolt                  Conj/Air       0%         1d10      100%        5
 Silence                  Hex/Air        0%         N/A       100%        5
 Maxwell's Capacitive Co  Air            0%         ∞         100%        8


Dungeon Overview and Level Annotations

Branches:
Dungeon (3/15)

Altars:
Ashenzari
Cheibriados
Kikubaaqudgha
Qazlal
Trog

Annotations:
D:5 Prince Ribbit


Innate Abilities, Weirdness & Mutations

You are immune to sickness and miasma.
Your stone body is resilient. (AC +4)
You are immune to poison.
You resist negative energy. (rN+)
You are resistant to electric shocks. (rElec)
You are resistant to unholy torment.
You are immune to petrification.


Message History

Prince Ribbit blinks!
Prince Ribbit hits you.
You hit Prince Ribbit.
Prince Ribbit is moderately wounded.
Prince Ribbit says, "You're just another fly to me."
Prince Ribbit barely misses you.
Prince Ribbit blinks!
You miss Prince Ribbit.
Prince Ribbit is moderately wounded.
Prince Ribbit closely misses you.
You hit Prince Ribbit.
Prince Ribbit is heavily wounded.
Prince Ribbit blinks!
You barely miss Prince Ribbit.
Prince Ribbit is heavily wounded.
Prince Ribbit barely misses you.
Prince Ribbit hits you but does no damage.
You closely miss Prince Ribbit.
Prince Ribbit is heavily wounded.
Prince Ribbit hits you!
You closely miss Prince Ribbit.
Prince Ribbit is heavily wounded.
Prince Ribbit blinks!
Prince Ribbit barely misses you.
You sock Prince Ribbit!
Prince Ribbit is severely wounded.
Prince Ribbit blinks!
Prince Ribbit asks, "Just a little smooch?"
Prince Ribbit blinks!
You sock Prince Ribbit!
Prince Ribbit is severely wounded.
Prince Ribbit blinks!
Prince Ribbit barely misses you.
You hit Prince Ribbit.
Prince Ribbit is almost dead.
Prince Ribbit blinks!
Prince Ribbit hits you!
You are too injured to fight recklessly!
You are too injured to fight recklessly!
You closely miss Prince Ribbit.
Prince Ribbit is almost dead.
Prince Ribbit hits you!
You die...

### ..#
#.#
#####.#
####
..##.#
...#
#.##.#
....
#.##.##.##
...#
#.....@F.#
#..
########.#
# #.# #.#
#.# #.#
#.# #.#
###.####


You could see Prince Ribbit.

Vanquished Creatures
  2 jellies (D:2)
  A gnoll (D:2)
  2 adders (D:2)
  3 worms (D:2)
  2 dart slugs
  6 orcs
  3 bats
  14 endoplasms
  A giant cockroach (D:1)
  6 goblins
  4 hobgoblins
  11 kobolds
  4 quokkas
  3 ball pythons
  A frilled lizard (D:1)
  3 rats
66 creatures vanquished.

Vanquished Creatures (others)
  2 fungi (D:2)
  11 toadstools (D:2)
13 creatures vanquished.

Grand Total: 79 creatures vanquished

Notes
Turn   | Place    | Note
-------+----------+-------------------------------------------
     0 | D:1      | mopl the Gargoyle Fighter began the quest for the Orb.
     0 | D:1      | Reached XP level 1. HP: 14/14 MP: 1/1
   204 | D:1      | Reached XP level 2. HP: 19/19 MP: 2/2
   423 | D:1      | Reached XP level 3. HP: 14/23 MP: 3/3
   954 | D:2      | Reached skill level 3 in Maces & Flails
   954 | D:2      | Reached skill level 1 in Dodging
  1046 | D:2      | Reached XP level 4. HP: 29/29 MP: 4/4
  1189 | D:2      | Reached skill level 4 in Armour
  1275 | D:2      | Reached skill level 4 in Fighting
  1275 | D:2      | Reached XP level 5. HP: 28/33 MP: 5/5
  1720 | D:3      | Found a stormy altar of Qazlal.
  1736 | D:3      | You fall into a shaft and drop 2 floors!
  1736 | D:5      | Entered Level 5 of the Dungeon
  1802 | D:5      | Found an ancient bone altar of Kikubaaqudgha.
  1807 | D:5      | Found a snail-covered altar of Cheibriados.
  1808 | D:5      | Found a broken altar of Ashenzari.
  1808 | D:5      | Found a bloodstained altar of Trog.
  1829 | D:5      | Noticed Prince Ribbit
  1845 | D:5      | Slain by Prince Ribbit

Illustrated notes

Levels and vault maps discovered:
D:1:      dpeg_arrival_tiny_h, layout_basic
D:2:      cheibrodos_fertilizer, layout_basic, minmay_puff
D:3:      layout_rooms, nicolae_qazlal_general_emergency, dk_noncrumbling_3,
          reono_crystal_passage
D:5:      layout_loops_cross, chequers_temple_overflow_statue_of_worship,
          uniq_ijyb, uniq_prince_ribbit1

Skill      XL: |  1  2  3  4 |
---------------+-------------+-----
Maces & Flails | 3 |  3.9
Dodging        | 1 |  1.6
Armour         | 4 |  4.1
Fighting       | 4 |  4.1
Shields        | |  3.2

Action                     |  1- 3 |  4- 6 || total
---------------------------+-------+-------++-------
  Melee: Flail             |   107 |   105 ||   212
 Armour: Scale mail        |    53 |    66 ||   119
  Dodge: Dodged            |    59 |    60 ||   119
  Block: Buckler           |    18 |    24 ||    42

Table legend: (Time is in decaauts)
 A = Elapsed time spent in this place.
 B = Non-inter-level travel time spent in this place.
 C = Inter-level travel time spent in this place.
 D = Time resting spent in this place.
 E = Time spent auto-exploring this place.
 F = Levels seen in this place.
 G = Mean time per level.
                   A        B        C        D        E       F      G
               +--------+--------+--------+--------+--------+-----+--------+
         Total |   1906 |   1872 |     34 |    170 |   1119 |   4 |  476.5 |
       Dungeon |   1906 |   1872 |     34 |    170 |   1119 |   4 |  476.5 |
               +--------+--------+--------+--------+--------+-----+--------+

Top non-repeatable levels by time:
     D:2: 981 daAuts
     D:1: 719 daAuts
     D:5: 114 daAuts
     D:3: 91 daAuts
